Map: Temple gelé

Players

pupu - Winner!

  • Race: Protoss Protoss
  • League: Silver

LasseC

  • Race: Zerg Zerg
  • League: Silver

VOD

Have the link to the VOD?

Description

Time

  • Played on: April 9, 2016, 4:57 a.m.
  • Length: 7:23
Show
View Real Time Build Order
Export as new Build Order

pupu Protoss - Winner!

Build Orders: Oracle Opening 

Get SALT Encoding   

  12  0:02  Probe (Chrono Boost)  
  13  0:12  Probe (Chrono Boost)  
  14  0:18  Pylon  
  14  0:23  Probe (Chrono Boost)  
  15  0:36  Probe (Chrono Boost)  
  15  0:38  Gateway  
  16  0:47  Probe (Chrono Boost)  
  17  0:50  Assimilator  
  17  0:56  Assimilator  
  17  0:58  Probe (Chrono Boost)  
  18  1:08  Probe (Chrono Boost)  
  19  1:19  Probe (Chrono Boost), Pylon  
  19  1:25  Cybernetics Core  
  20  1:29  Probe (Chrono Boost)  
  22  1:40  Probe (Chrono Boost)  
  22  1:50  Probe (Chrono Boost)  
  23  1:56  Gateway  
  23  2:01  Probe (Chrono Boost), Adept  
  24  2:03  Warp Gate (Chrono Boost)  
  26  2:12  Mothership Core  
  28  2:26  Stargate  
  28  2:33  Probe  
  29  2:39  Stalker  
  31  3:00  Pylon  
  31  3:11  Twilight Council  
  31  3:18  Probe, Adept  
  34  3:30  Probe  
  35  3:40  Oracle (Chrono Boost)  
  38  3:42  Probe  
  39  4:00  Nexus  
  39  4:04  Pylon  
  39  4:09  Pylon  
  39  4:15  Resonating Glaives (Chrono Boost)  
  39  4:22  Probe, Oracle  
  43  4:26  Pylon  
  43  4:30  Protoss Air Weapons Level 1  
  43  4:34  Probe  
  43  4:36  Gateway  
  44  4:38  Gateway  
  44  4:43  Pylon  
  44  4:48  Probe  
  45  5:00  Probe  
  46  5:08  Adept x2  
  46  5:10  Probe  
  46  5:12  Probe  
  52  5:21  Probe  
  52  5:23  Gateway  
  52  5:24  Probe  
  52  5:27  Gateway  
  54  6:02  Probe  
  54  6:04  Probe  
  53  6:13  Probe  
  53  6:16  Probe  
  55  6:22  Adept  
  55  6:23  Probe, Adept x3  
  64  6:28  Probe  
  64  6:32  Void Ray  
  69  6:34  Probe  
  70  6:40  Probe  
  70  6:44  Probe  
  72  6:49  Pylon  
  72  6:50  Pylon  
  72  6:51  Adept x2  
  72  6:52  Probe, Adept x4  
  72  6:53  Pylon, Assimilator  
  85  6:55  Probe, Assimilator  
  85  6:56  Pylon  
Show
View Real Time Build Order
Export as new Build Order

LasseC Zerg 

Build Orders: Pool First 

Get SALT Encoding   

  12  0:03  Drone  
  13  0:23  Spawning Pool  
  13  0:27  Drone  
  13  0:30  Drone  
  14  0:38  Overlord  
  14  1:08  Drone  
  14  1:09  Hatchery  
  14  1:17  Drone x2  
  16  1:21  Extractor  
  15  1:31  Zergling x4  
  17  1:42  Drone  
  18  2:04  Zergling x4  
  20  2:09  Queen  
  22  2:18  Hatchery  
  21  2:31  Queen  
  21  2:33  Drone  
  24  2:37  Drone  
  24  2:44  Drone  
  26  2:52  Spore Crawler  
  26  2:55  Spore Crawler  
  24  2:59  Drone  
  24  3:03  Drone  
  26  3:10  Drone  
  27  3:31  Queen  
  29  3:35  Drone x4  
  29  3:38  Drone  
  34  3:45  Overlord  
  34  4:11  Overlord, Drone  
  34  4:12  Overlord  
  34  4:26  Metabolic Boost  
  34  4:31  Drone x3  
  34  4:32  Extractor, Drone x2  
  38  4:39  Evolution Chamber  
  38  4:41  Evolution Chamber  
  38  4:42  Lair  
  36  4:46  Drone x2  
  36  4:47  Drone  
  39  4:56  Spore Crawler  
  38  5:10  Drone x3  
  38  5:13  Drone  
  38  5:14  Drone x2  
  44  5:16  Extractor  
  44  5:17  Extractor, Drone x3  
  45  5:22  Zerg Melee Weapons Level 1  
  45  5:37  Spine Crawler  
  42  6:00  Queen  
  42  6:05  Spore Crawler  
  39  6:16  Drone x3  
  39  6:17  Drone x3  
  39  6:18  Queen  
  47  6:19  Drone  
  47  6:20  Drone x5  
  47  6:23  Drone x2  
  47  6:25  Drone x2  
  57  6:34  Overlord x3  
  57  7:00  Overlord x2  
  57  7:02  Zergling x2  
  57  7:03  Zergling x8  
Tags
 
Add a new tag
Caveats
  • Supply blocks, unpowered buildings, or Contaminate may cause inaccurate times.
  • Supply counts are checked every 10 seconds.